 Dungeon Sprint DCSS version 0.17-a0-1685-g57e755e (webtiles) character file.

50 Kidiri the Sneak (level 3, -3/16 HPs)
             Began as a Spriggan Enchanter on Aug 19, 2015.
             Slain by a wolf (8 damage)
             ... in the Dungeon (Sprint III: "The Ten Rune Challenge").
             The game lasted 00:02:18 (238 turns).

Kidiri the Sneak (Spriggan Enchanter)                Turns: 238, Time: 00:02:18

Health: -3/16      AC:  3    Str:  4    XL:     3   Next: 55%
Magic:  0/10       EV: 21    Int: 16    God:
Gold:   0          SH:  0    Dex: 17    Spells: 5 memorised, 0 levels left

rFire  . . .     SeeInvis +     l - +2 dagger (venom)
rCold  . . .     Clarity  .     b - +1 robe
rNeg   . . .     SustAt   .     (shield restricted)
rPois  .         Gourm    .     (helmet restricted)
rElec  .         Spirit   .     (no cloak)
rCorr  .         Warding  .     (gloves unavailable)
rMut   .         NoTele   +     (boots unavailable)
MR     .....                    (no amulet)
Stlth  ++++......               (no ring)
                                (no ring)

@: very slightly contaminated, very quick, not resistant to hostile
enchantments, stealthy
A: unfitting armour, see invisible, herbivore 3, speed 3, slow metabolism 2
a: no special abilities


You were in the Dungeon.
You were not hungry.

You visited 1 branch

Inventory:

Hand weapons
 a - a +1 dagger
 l - a +2 dagger of venom (weapon)
Armour
 b - a +1 robe (worn)
Scrolls
 j - a scroll of blinking
 k - 2 scrolls of recharging {unknown}
Potions
 e - a potion of curing
 g - a potion of haste
 h - a potion of magic
 i - a potion of berserk rage
Books
 c - a book of Maledictions

   Spells                             Type                      Level
   a - Corona                         Hexes                        1
   b - Ensorcelled Hibernation        Hexes/Ice                    2
   c - Confuse                        Hexes                        3
   d - Tukima's Dance                 Hexes                        3
   e - Dazzling Spray                 Conjuration/Hexes            3
Comestibles
 d - a bread ration


   Skills:
 + Level 2.6 Short Blades
 * Level 5.8 Dodging
 * Level 6.9 Stealth
 * Level 5.0 Spellcasting
 + Level 0.0 Conjurations
 + Level 4.6 Hexes
 + Level 0.5 Ice Magic


You couldn't memorise any spells.
You knew the following spells:

 Your Spells              Type           Power        Failure   Level  Hunger
a - Corona                Hex            ###....      2%          1    None
b - Ensorcelled Hibernat  Hex/Ice        ##....       10%         2    #......
c - Confuse               Hex            ###.....     10%         3    ###....
d - Tukima's Dance        Hex            ###.....     10%         3    ###....
e - Dazzling Spray        Conj/Hex       ##......     17%         3    ###....


Dungeon Overview and Level Annotations

Branches:
Dungeon (1/1)

Altars:


Innate Abilities, Weirdness & Mutations

You are tiny and cannot use many weapons and most armour.
You have supernaturally acute eyesight.
You are a herbivore.
You cover ground extremely quickly.
You need consume almost no food.


Message History

You hit the wolf but do no damage.
The wolf is poisoned.
The wolf closely misses you.
You closely miss the wolf.
The wolf is lightly wounded.
The wolf closely misses you. The wolf bites you!
Ouch! That really hurt!
Casting: Confuse
Confirm with . or Enter, or press ? or * to list all spells.
Okay, then.
Unknown command.
Casting: Confuse
Confirm with . or Enter, or press ? or * to list all spells.
Aiming: Ensorcelled Hibernation
Press: ? - help, Shift-Dir - straight line, f/p - wolf
Aim: a wolf (moderately wounded, poisoned, chance to defeat MR: 43%)
You miscast Ensorcelled Hibernation.
You are very lightly contaminated with residual magic.
Your hands glow momentarily.
The wolf bites you. The wolf bites you!
Ouch! That really hurt!
You die...

▓.%...#....≈. ♣..#
▓.....#...≈≈♣♣♣...#
▓.....#..≈≈≈≈..♣..+
▓####'#..≈≈≈≈≈≈...#
▓(.[..#.≈≈≈≈≈≈....#
▓...%.#.≈≈≈≈≈.....#
▓.....#.≈≈≈.......#
▓'#####......%....#
▓..h@.............#
▓▓▓▓▓▓▓▓▓▓▓▓▓▓▓▓▓▓▓


You could see a wolf.

Vanquished Creatures
  Jessica (D)
  A human (D)
  An ooze (D)
  2 rats (D)
5 creatures vanquished.

Vanquished Creatures (others)
  A yaktaur (D)
  2 plants (D)
3 creatures vanquished.

Grand Total: 8 creatures vanquished

Notes
Turn   | Place    | Note
--------------------------------------------------------------
     0 | D        | Kidiri the Spriggan Enchanter began the quest for the Orb.
     0 | D        | Reached XP level 1. HP: 9/9 MP: 5/5
    10 | D        | Reached skill level 5 in Stealth
    76 | D        | Noticed Jessica
    88 | D        | Killed Jessica
    88 | D        | Reached skill level 5 in Dodging
    88 | D        | Reached skill level 6 in Stealth
    88 | D        | Reached XP level 2. HP: 13/13 MP: 1/8
    88 | D        | Reached XP level 3. HP: 16/16 MP: 1/10
    92 | D        | Learned a level 2 spell: Ensorcelled Hibernation
    96 | D        | Learned a level 3 spell: Confuse
   100 | D        | Learned a level 3 spell: Tukima's Dance
   104 | D        | Killed a yaktaur
   179 | D        | Reached skill level 5 in Spellcasting
   181 | D        | Noticed a wolf
   186 | D        | Learned a level 3 spell: Dazzling Spray
   238 | D        | Slain by a wolf

Vault maps used:
D:        dungeon_sprint_mu

Action                   || total
-------------------------++-------
Melee: Dagger            ||    17
 Cast: Corona            ||     2
       Ensorcelled Hiber ||     5
       Confuse           ||     4
  Use: Potion            ||     2
 Stab: Sleeping          ||     3
